 Dungeon Crawl Stone Soup version 0.31.0-9-g3a7656b989 (webtiles) character file.

Game seed: 5996913335795034286

109 qw the Shooter (level 4, 0/22 HPs)
             Began as a Spriggan Hunter on Feb 2, 2024.
             Succumbed to an orc wizard's poison
             ... on level 3 of the Dungeon.
             The game lasted 00:00:06 (1069 turns).

qw the Shooter (Spriggan Hunter)                    Turns: 1069, Time: 00:00:06

Health: 0/22       AC:  2    Str:  7    XL:     4   Next: 59%
Magic:  5/5        EV: 20    Int: 10    God:
Gold:   109        SH:  0    Dex: 20    Spells: 3/3 levels left

rFire   . . .        a - +0 shortbow
rCold   . . .        (shield currently unavailable)
rNeg    . . .        c - +0 robe
rPois   .            (helmet restricted)
rElec   .            (no cloak)
rCorr   .            (gloves unavailable)
SInv    +            (boots unavailable)
Will    .....        g - amulet of faith
Stlth   ++           (no ring)
HPRegen 0.23/turn    (no ring)
MPRegen 0.09/turn

%: faith
@: lethally poisoned (0 -> -10), about to teleport, very quick
A: very small, no large weapons, unfitting armour, see invisible, speed 3
a: no special abilities


You were on level 3 of the Dungeon.
You visited 1 branch of the dungeon, and saw 3 of its levels.

You collected 109 gold pieces.


Innate Abilities, Weirdness & Mutations

You are very small and have problems with some larger weapons.
You are too small for most types of armour.
You have supernaturally acute eyesight. (SInv)
You cover ground extremely quickly. (Speed+++)


   Skills:
 + Level 1.5 Fighting
 - Level 5.0 Ranged Weapons
 - Level 5.0 Dodging
 - Level 1.5 Stealth


You had 3 spell levels left.
You didn't know any spells.
Your spell library was empty.

Inventory:

Hand Weapons
 a - a +0 shortbow (weapon)
Armour
 c - a +0 robe (worn)
Jewellery
 g - an amulet of faith (around neck)
Scrolls
 d - a scroll of identify
Potions
 f - a potion of haste {unknown}

Dungeon Overview and Level Annotations

Branches:
Dungeon (3/15)

Altars:


Message History

You shoot an arrow. The arrow hits the orc wizard!
The orc wizard is heavily wounded.
You shoot an arrow. The arrow closely misses the orc.
The orc wizard mumbles some strange words.
The orc wizard flickers and vanishes for a moment.
You shoot an arrow. The arrow closely misses the orc.
The orc closely misses you. The orc misses you.
You shoot an arrow. The arrow hits the orc.
The orc is moderately wounded.
You shoot an arrow. The arrow hits the orc!
You kill the orc!
The orc misses you.
The orc wizard hits you with a +0 dagger of venom.
You are poisoned.
You shoot an arrow. The arrow hits the orc wizard.
The orc wizard is almost dead.
You feel sick.
The orc wizard hits you with a +0 dagger of venom.
You are more poisoned.
The orc hits you with a +0 hand axe.
You shoot an arrow. The arrow hits the orc wizard.
The orc wizard is almost dead.
You feel very sick. The orc misses you.
The orc wizard hits you but does no damage.
You are lethally poisoned!
You shoot an arrow. The arrow misses the orc wizard.
You feel very sick. The orc barely misses you.
The orc wizard gestures at you while chanting.
You easily resist.
You shoot an arrow. The arrow hits the orc wizard.
You kill the orc wizard!
You feel very sick. The orc hits you with a +0 hand axe.
Your Dodging skill increases to level 5!
1069 ||| READING scroll of teleportation.
As you read the scroll of teleportation, it crumbles to dust.
You feel strangely unstable.
You die...

#.#.#.##..#####....#
#<#.##...........#
###.##.######...##
#.##.## #...#
#.#...# #...#
#.#..%# #####
#.#...# ###.#...#
#..o@...# #.#o#####
#. #. #. .. .. ##


You could see 2 orcs.

Vanquished Creatures
  An orc wizard (D:3)
  3 adders (D:2)
  3 dart slugs
  2 orcs (D:3)
  7 endoplasms
  2 giant cockroaches
  2 goblins (D:1)
  3 hobgoblins
  6 kobolds
  3 quokkas
  5 ball pythons
  7 bats
  3 frilled lizards
  A rat (D:1)
48 creatures vanquished.

Notes
Turn   | Place    | Note
-------+----------+-------------------------------------------
     0 | D:1      | qw the Spriggan Hunter began the quest for the Orb.
     0 | D:1      | Reached XP level 1. HP: 10/10 MP: 2/2
     0 | D:1      | 0 ||| qw: Version: 0.3-a-155-g5e7d8dd
     0 | D:1      | 0 ||| qw: Game counter: 72
     0 | D:1      | 0 ||| qw: Melee chars always use a shield: true
     0 | D:1      | 0 ||| qw: God list: Okawaru
     0 | D:1      | 0 ||| qw: Allow faded altars: false
     0 | D:1      | 0 ||| qw: Do Orc after clearing Dungeon:15 true
     0 | D:1      | 0 ||| qw: Do second Lair branch before Depths: true
     0 | D:1      | 0 ||| qw: Lair rune preference: random
     0 | D:1      | 0 ||| qw: Goals: Normal
     0 | D:1      | 0 ||| PLANNING D:1-11
    23 | D:1      | Reached skill level 3 in Dodging
    67 | D:1      | Reached XP level 2. HP: 14/14 MP: 3/3
   414 | D:1      | 414 ||| UPGRADING to amulet of faith.
   419 | D:1      | 419 ||| READING scroll labelled XOAXER USOIRAX.
   424 | D:1      | 424 ||| DROPPING scroll of butterflies.
   531 | D:2      | Reached XP level 3. HP: 18/18 MP: 4/4
   645 | D:2      | 645 ||| READING scroll labelled NOIXETU QUZXIH.
   730 | D:2      | Reached XP level 4. HP: 10/22 MP: 5/5
   947 | D:2      | 947 ||| READING scroll labelled VANYSU PIANNA.
   987 | D:2      | 987 ||| READING scroll labelled DUTU IMISEC.
   987 | D:2      | 987 ||| IDENTIFYING clear potion
  1058 | D:3      | 1058 ||| DRINKING potion of curing.
  1058 | D:3      | 1058 ||| (to cure confusion)
  1068 | D:3      | HP: 4/22 [poisoned by an orc wizard]
  1069 | D:3      | 1069 ||| READING scroll of teleportation.
  1069 | D:3      | Succumbed to an orc wizard's poison

Levels and vault maps discovered:
D:1:      dpeg_arrival_round_a, layout_rooms
D:2:      layout_basic, minmay_surrounded
D:3:      layout_basic, slow_altar_2, cheibrodos_ashenzari_chains,
          gammafunk_ghost_cemetery, minmay_pentangle

Skill      XL: |  1  2  3  4 |
---------------+-------------+-----
Dodging        | 3 4 5 |  5.0
Ranged Weapons | 5 |  5.0
Fighting       | |  1.5
Stealth        | |  1.5

Action                     |  1- 3 |  4- 6 || total
---------------------------+-------+-------++-------
   Fire: Shortbow          |   116 |    29 ||   145
    Use: Scroll            |     2 |     3 ||     5
         Potion            |       |     1 ||     1
 Armour: Robe              |    14 |     5 ||    19
  Dodge: Dodged            |    37 |     7 ||    44

Table legend:
 A = Non-vault XP
 B = Vault XP
 C = Vault XP percentage of total XP
 D = Non-vault monster count
 E = Vault monster count
 F = Vault count percentage of total count
                 A         B        C        D         E       F
            +---------+---------+-------+---------+---------+-------
      Total |     144 |      12 |   7.7 |      42 |       6 |  12.5
            +---------+---------+-------+---------+---------+-------
        D:1 |      33 |       0 |   0.0 |      20 |       0 |   0.0
        D:2 |      67 |      12 |  15.2 |      18 |       6 |  25.0
        D:3 |      44 |       0 |   0.0 |       4 |       0 |   0.0
            +---------+---------+-------+---------+---------+-------
